 Dungeon Crawl Stone Soup version 0.26-a0-27-g1f0226971c (webtiles) character file.

Game seed: 15416263139115748726, levelgen mode: deterministic

2036 MisterFreud the Nimble (level 9, -1/58 HPs)
             Began as an Octopode Gladiator on May 27, 2020.
             Was a Believer of Cheibriados.
             Slain by an orc wizard
             ... wielding a +0 dagger
              (3 damage)
             ... on level 6 of the Dungeon.
             The game lasted 00:08:54 (7155 turns).

MisterFreud the Nimble (Octopode Gladiator)         Turns: 7155, Time: 00:08:55

Health: -1/58      AC:  1    Str: 19    XL:     9   Next: 24%
Magic:  22/22      EV: 23    Int: 20    God:    Cheibriados [**....]
Gold:   596        SH:  0    Dex: 19    Spells: 8/8 levels left

rFire    . . .     SeeInvis .   a - +1 long sword
rCold    . . .     Gourm    .   (no shield)
rNeg     . . .     Faith    +   b - +0 hat
rPois    .         Spirit   .   C - amulet of faith
rElec    .         Reflect  .   f - ring of resist corrosion
rCorr    +         Harm     .   A - +4 ring of evasion
MR       .....                  D - ring of magical power
Stlth    +++.......             (no ring)
HPRegen  0.19/turn              (no ring)
MPRegen  0.18/turn              (no ring)
                                (no ring)
                                (no ring)

@: very slow
A: almost no armour, stealthy swim, amphibious, 8 rings, constrict 8, camouflage
1, gelatinous body 1
a: Bend Time, Renounce Religion


You were on level 6 of the Dungeon.
You worshipped Cheibriados.
Cheibriados was pleased with you.
You were not hungry.

You visited 1 branch of the dungeon, and saw 6 of its levels.

You collected 788 gold pieces.
You spent 192 gold pieces at shops.

Inventory:

Hand Weapons
 a - a +1 long sword (weapon)
Missiles
 c - 3 throwing nets
 m - 24 poisoned darts (quivered)
Armour
 b - a +0 hat (worn)
 F - a cursed -1 tower shield
Jewellery
 f - a ring of resist corrosion (left tentacle)
 A - a +4 ring of evasion (right tentacle)
 C - an amulet of faith (around mantle)
 D - a ring of magical power (on tentacle)
Wands
 n - a wand of enslavement (2)
 p - a wand of iceblast (8)
 s - a wand of disintegration (14)
 B - a wand of acid (8)
Scrolls
 g - 7 scrolls of identify {unknown}
 h - a scroll of enchant weapon
 l - 2 scrolls of random uselessness {unknown}
 o - 2 scrolls of blinking {unknown}
 v - 4 scrolls of teleportation {unknown}
 w - a scroll of immolation {unknown}
 y - a scroll of amnesia {unknown}
Potions
 e - 4 potions of invisibility {unknown}
 i - a potion of stabbing {unknown}
 j - 4 potions of lignification {unknown}
 k - 2 potions of mutation {unknown}
 q - 2 potions of degeneration {unknown}
 r - 2 potions of haste {unknown}
 u - a potion of ambrosia {unknown}
 x - a potion of resistance {unknown}
 z - 2 potions of cancellation
 E - a potion of magic {unknown}
Comestibles
 d - 13 rations
 G - 6 chunks of flesh


   Skills:
 - Level 4.0 Fighting
 - Level 6.0 Long Blades
 - Level 2.0 Throwing
 - Level 8.0 Dodging
 + Level 3.6 Shields
 - Level 6.0 Invocations


You had 8 spell levels left.
You didn't know any spells.
Your spell library contained the following spells:

 Spells                   Type           Power        Failure   Level  Hunger
 Confusing Touch          Hex            #.......     50%         3    ####...
 Gell's Gravitas          Tloc           #.........   50%         3    ####...
 Petrify                  Tmut/Erth      #.......     88%         4    #####..
 Metabolic Englaciation   Hex/Ice        #.........   99%         5    ######.
 Yara's Violent Unravell  Hex/Tmut       #.........   99%         5    ######.


Dungeon Overview and Level Annotations

Branches:
Dungeon (6/15)             Temple (0/1) D:4

Altars:
Cheibriados
Kikubaaqudgha
Wu Jian
Yredelemnul
The Shining One

Shops:
D:4 !


Innate Abilities, Weirdness & Mutations

You cannot wear most types of armour.
You are very stealthy in the water. (Stealth+)
You are amphibious.
You can wear up to eight rings at the same time.
You can use your tentacles to constrict eight enemies at once.
Your skin changes colour to match your surroundings (Stealth+).
Your rubbery body absorbs attacks. (AC +1, EV +1)


Message History

Okay, then.
Unknown command.
Unknown command.
You hit the orc wizard but do no damage.
Your grab misses the orc wizard.
The orc hits you from afar with a +0 trident.
* * * LOW HITPOINT WARNING * * *
Something completely misses you.
The orc wizard mumbles some strange words.
The orc wizard flickers and vanishes!
Unknown command.
Unknown command.
Unknown command.
Unknown command.
Unknown command.
As you read the scroll labeled WEHIRGHOCWI, it crumbles to dust.
It is a scroll of enchant weapon.
Your +0 long sword glows red for a moment.
The orc barely misses you. Something hits you.
You die...

#...........##########..
#.#########............#
#.###################..#
#.##.........# #..#
#.##.#######.# #..#
#....# #.# #..#
############.# #..#
#....o.{.[.#.# #..#
#...{@.).#.########..#
#...######..............
# #....##..##.##.....#
##..#..##.......#...#
#..#.#..##########...
#...#...#......# #..#
#.)#.#..#......# #..#
##).#..##..##..# #...
#..รท.###..##..# #...


You could see an orc.

Vanquished Creatures
  Eustachio (D:5)
  3 orc warriors (D:6)
  A black bear (D:5)
  A phantom (D:4)
  4 ogres
  An ice beast (D:5)
  A necrophage (D:5)
  A scorpion (D:6)
  A howler monkey (D:3)
  A crimson imp (D:6)
  A bullfrog zombie (D:5)
  A centaur zombie (D:6)
  5 hounds
  An orc priest (D:6)
  An orc wizard (D:6)
  3 iguanas
  4 worker ants
  Natasha (thrice) (D:3)
  A worker ant zombie (D:6)
  3 gnolls (D:6)
  4 adders
  5 oozes
  An adder zombie (D:6)
  2 adder skeletons (D:4)
  4 worms
  A dart slug (D:3)
  7 leopard geckos
  13 orcs
  4 giant cockroaches
  8 goblins
  8 hobgoblins
  9 jackals
  11 kobolds
  2 quokkas (D:2)
  A ball python (D:3)
  11 bats
  7 frilled lizards
  A quokka skeleton (D:6)
  10 rats
147 creatures vanquished.

Vanquished Creatures (others)
  5 toadstools (D:1)
5 creatures vanquished.

Grand Total: 152 creatures vanquished

Notes
Turn   | Place    | Note
-------+----------+-------------------------------------------
     0 | D:1      | MisterFreud the Octopode Gladiator began the quest for the
                  | Orb.
     0 | D:1      | Reached XP level 1. HP: 14/14 MP: 1/1
   234 | D:1      | Reached XP level 2. HP: 18/20 MP: 2/2
   523 | D:1      | Reached XP level 3. HP: 20/26 MP: 3/3
  1691 | D:2      | Reached XP level 4. HP: 33/33 MP: 4/4
  2865 | D:3      | Reached XP level 5. HP: 37/37 MP: 5/5
  2875 | D:3      | Noticed Natasha
  2881 | D:3      | Killed Natasha
  3318 | D:3      | Noticed Natasha
  3319 | D:3      | Found an ancient bone altar of Kikubaaqudgha.
  3326 | D:3      | Killed Natasha
  3326 | D:3      | Reached skill level 5 in Long Blades
  3502 | D:3      | Found a snail-covered altar of Cheibriados.
  3514 | D:3      | Became a worshipper of Cheibriados the Contemplative
  3532 | D:3      | Noticed Natasha
  3536 | D:3      | Killed Natasha
  3747 | D:4      | Noticed a phantom
  3756 | D:3      | Reached XP level 6. HP: 23/43 MP: 6/6
  4004 | D:4      | Found a staircase to the Ecumenical Temple.
  4063 | D:4      | Found a glowing golden altar of the Shining One.
  4087 | D:4      | Found Jila's Distillery.
  4094 | D:4      | Bought a potion of heal wounds for 60 gold pieces
  4094 | D:4      | Bought a potion of curing for 36 gold pieces
  4094 | D:4      | Bought a potion of cancellation for 96 gold pieces
  4226 | D:4      | Reached skill level 4 in Dodging
  4438 | D:4      | Reached XP level 7. HP: 48/48 MP: 7/7
  4452 | D:4      | Reached * piety under Cheibriados
  4629 | D:4      | Reached skill level 5 in Dodging
  4633 | D:4      | Found an ornate altar of the Wu Jian Council.
  5029 | D:5      | Entered Level 5 of the Dungeon
  5118 | D:5      | Reached skill level 6 in Dodging
  5406 | D:5      | Noticed Eustachio
  5415 | D:5      | Killed Eustachio
  5415 | D:5      | Reached skill level 7 in Dodging
  5415 | D:5      | Reached XP level 8. HP: 37/54 MP: 8/8
  5531 | D:5      | Found a basalt altar of Yredelemnul.
  5804 | D:6      | Reached skill level 8 in Dodging
  5804 | D:6      | Reached skill level 1 in Invocations
  5922 | D:6      | Reached ** piety under Cheibriados
  6047 | D:6      | HP: 2/54 [orc warrior/+0 battleaxe (27)]
  6281 | D:6      | Reached skill level 5 in Invocations
  6432 | D:6      | Reached XP level 9. HP: 46/58 MP: 13/13
  6542 | D:6      | Reached skill level 1 in Shields
  7154 | D:6      | HP: 1/58 [orc/+0 trident (4)]
  7155 | D:6      | Slain by an orc wizard

Illustrated notes

Levels and vault maps discovered:
D:1:      ldierk_walled_garden, layout_basic, hangedman_decor_clover_reticule,
          hangedman_decor_growths, minmay_misc_feat_secret_circle,
          minmay_door_square, minmay_close_crescents
D:2:      minmay_inner_zag, layout_basic, serial_corexii_hall,
          chequers_hall_statues_corner_a, chequers_hall_statues_corner_a,
          minmay_misc_feat_cross
D:3:      layout_loops_ring, grunt_temple_overflow_open, first_ration,
          minmay_joined_circles, uniq_natasha
D:4:      wad_river_or_something, layout_cave_pools, marbit_many_paths,
          temple_hall, serial_shops, nicolae_shop_crystal,
          nicolae_tso_carved_into_rock
D:5:      layout_gridville, yredelemnul_altar_generic, uniq_eustachio
D:6:      minmay_polygon_palace, layout_basic,
          grunt_temple_overflow_lords_of_destruction, uniq_crazy_yiuf_cottage,
          uniq_maggie

Skill      XL: |  1  2  3  4  5  6  7  8  9 |
---------------+----------------------------+-----
Fighting       | 3 4 |  4.0
Long Blades    | 4 5 6 |  6.0
Dodging        | 4 7 8 |  8.0
Invocations    | 5 6 |  6.0
Shields        | 3 |  3.6
Throwing       | |  2.0

Action                   |  1- 3 |  4- 6 |  7- 9 || total
-------------------------+-------+-------+-------++-------
Melee: Long sword        |    62 |   108 |   119 ||   289
       Constrict         |    17 |    39 |    33 ||    89
       Tentacles         |    15 |    26 |    52 ||    93
Evoke: Wand              |       |       |     4 ||     4
  Use: Potion            |       |       |     4 ||     4
       Scroll            |       |       |     1 ||     1
 Stab: Sleeping          |    10 |    11 |       ||    21
  Eat: Chunk             |     2 |    10 |     3 ||    15
Armor: Skin              |     3 |    10 |     2 ||    15
Dodge: Dodged            |    47 |    85 |   150 ||   282
       Rpst.: Long sword |    17 |    35 |    44 ||    96

Table legend:
 A = Non-vault XP
 B = Vault XP
 C = Vault XP percentage of total XP
 D = Non-vault monster count
 E = Vault monster count
 F = Vault count percentage of total count
                 A         B        C        D         E       F
            +---------+---------+-------+---------+---------+-------
      Total |    1696 |    1213 |  41.7 |     107 |      40 |  27.2
            +---------+---------+-------+---------+---------+-------
        D:1 |      46 |       9 |  16.4 |      26 |       3 |  10.3
        D:2 |      63 |      13 |  17.1 |      31 |       5 |  13.9
        D:3 |     117 |     126 |  51.9 |      14 |      11 |  44.0
        D:4 |     359 |     183 |  33.8 |      13 |       7 |  35.0
        D:5 |     469 |     211 |  31.0 |       6 |       1 |  14.3
        D:6 |     642 |     671 |  51.1 |      17 |      13 |  43.3
            +---------+---------+-------+---------+---------+-------
